 Dungeon Crawl Stone Soup version 0.30.0-29-ga12c61a403 (webtiles) character file.

Game seed: 16799878245415610443

49 qw the Chopper (level 3, -2/23 HPs)
             Began as a Gargoyle Fighter on June 4, 2023.
             Slain by a gnoll
             ... wielding a +0 flail
              (7 damage)
             ... on level 1 of the Dungeon.
             The game lasted 00:00:23 (992 turns).

qw the Chopper (Gargoyle Fighter)                    Turns: 992, Time: 00:00:24

Health: -2/23      AC: 10    Str: 21    XL:     3   Next: 75%
Magic:  3/3        EV:  9    Int:  8    God:
Gold:   26         SH:  4    Dex:  9    Spells: 2/2 levels left

rFire   . . .        Y - +0 war axe
rCold   . . .        c - +0 buckler
rNeg    + . .        b - +0 scale mail
rPois   inf          (no helmet)
rElec   +            (no cloak)
rCorr   .            (no gloves)
SInv    .            (no boots)
Will    .....        (no amulet) Stlth
                     (no ring)
HPRegen 0.23/turn    (no ring)
MPRegen 0.08/turn

%: no passive effects
@: about to teleport
A: sickness immunity, AC +3, negative energy resistance 1, electricity
resistance, torment resistance 1, petrification resistance
a: no special abilities


You were on level 1 of the Dungeon.
You visited 1 branch of the dungeon, and saw 2 of its levels.

You collected 26 gold pieces.


Innate Abilities, Weirdness & Mutations

You are immune to sickness and miasma.
Your stone body is resilient. (AC +3)
You are immune to poison.
You resist negative energy. (rN+)
You are resistant to electric shocks. (rElec)
You are resistant to unholy torment.
You are immune to petrification.


   Skills:
 - Level 3.2 Fighting
 + Level 3.6 Axes
 - Level 3.2 Armour
 - Level 3.2 Shields


You had 2 spell levels left.
You didn't know any spells.
Your spell library was empty.

Inventory:

Hand Weapons
 i - a +0 club
 Y - a +0 war axe (weapon)
Armour
 b - a +0 scale mail (worn)
 c - a +0 buckler (worn)
Potions
 d - a potion of might
 f - a potion of mutation {unknown}
 k - a potion of haste {unknown}

Dungeon Overview and Level Annotations

Branches:
Dungeon (2/15)

Altars:


Message History

Done exploring.
(D) Dungeon
Where to? (* - list waypoints, Enter - D:2, ? - help)
What level of the Dungeon? (default 1, ? - help)
You climb downwards.
The gnoll hits you with a +0 flail. The gnoll barely misses you.
There is a stone staircase leading up here.
983 ||| STAIRDANCE The gnoll hits you but does no damage.
The gnoll hits you with a +0 club.
You climb upwards.
There is a stone staircase leading down here.
You barely miss the gnoll. You hit the gnoll. The gnoll barely misses you.
The gnoll closely misses you.
You barely miss the gnoll.
The gnoll is lightly wounded.
You hit the gnoll. You block the gnoll's attack.
The gnoll hits you but does no damage. The gnoll hits you with a +0 flail.
The gnoll hits you with a +0 club.
You barely miss the gnoll.
The gnoll is moderately wounded.
You slash the gnoll!
You kill the gnoll!
The gnoll barely misses you.
You barely miss the gnoll.
The gnoll is moderately wounded.
The gnoll hits you with a +0 flail.
You hit the gnoll but do no damage.
The gnoll is moderately wounded.
The gnoll completely misses you. The gnoll hits you with a +0 flail!
990 ||| READING scroll of teleportation.
As you read the scroll of teleportation, it crumbles to dust.
You feel strangely unstable. The gnoll closely misses you.
You closely miss the gnoll.
The gnoll is moderately wounded.
The gnoll barely misses you.
You completely miss the gnoll.
The gnoll is moderately wounded.
The gnoll hits you with a +0 flail!
You die...

#......#.#
#.#.##.###
#####..#.#
#.#.#..... #..#.#
#.#.##.###
#..#.####.#.##.###
#..#..............
#...)..........###
#.#######.#.######
#)#######.#.......
#@g.......########
###########


You could see a gnoll.

Vanquished Creatures
  3 gnolls
  2 dart slugs (D:1)
  An endoplasm (D:1)
  A giant cockroach (D:1)
  2 goblins (D:1)
  2 hobgoblins (D:1)
  4 bats (D:1)
  2 rats (D:1)
17 creatures vanquished.

Notes
Turn   | Place    | Note
-------+----------+-------------------------------------------
     0 | D:1      | qw the Gargoyle Fighter began the quest for the Orb.
     0 | D:1      | Reached XP level 1. HP: 14/14 MP: 1/1
     0 | D:1      | 0 ||| qw: Version: 0.2-a-106-g05974ce
     0 | D:1      | 0 ||| qw: Game counter: 1168
     0 | D:1      | 0 ||| qw: Always use a shield: true
     0 | D:1      | 0 ||| qw: God list: Okawaru
     0 | D:1      | 0 ||| qw: Allow faded altars: false
     0 | D:1      | 0 ||| qw: Do Orc after D:15 true
     0 | D:1      | 0 ||| qw: Do second Lair branch before Depths: true
     0 | D:1      | 0 ||| qw: Lair rune preference: random
     0 | D:1      | 0 ||| qw: Plans: Normal, Zot:1-4, Slime:5, God:TSO, Crypt,
                  | Tomb, Abyss, Pan, Hells, Win
     0 | D:1      | 0 ||| PLANNING D:1-11
    59 | D:1      | 59 ||| Stepping ~*~*~tactically~*~*~ (hiding).
    60 | D:1      | 60 ||| Stepping ~*~*~tactically~*~*~ (hiding).
   193 | D:1      | Reached XP level 2. HP: 19/19 MP: 2/2
   827 | D:1      | 827 ||| READING scroll labelled ZEFOMETATA.
   828 | D:1      | 828 ||| READING scroll labelled MAZASI IKOL.
   929 | D:1      | 929 ||| READING scroll labelled AMEOJUITSU.
   930 | D:1      | 930 ||| READING 2 scrolls labelled MOPEFR QARUTS.
   948 | D:2      | 948 ||| Stepping ~*~*~tactically~*~*~ (hiding).
   949 | D:2      | 949 ||| Stepping ~*~*~tactically~*~*~ (hiding).
   950 | D:2      | 950 ||| Stepping ~*~*~tactically~*~*~ (hiding).
   954 | D:2      | 954 ||| Stepping ~*~*~tactically~*~*~ (hiding).
   955 | D:2      | 955 ||| Stepping ~*~*~tactically~*~*~ (hiding).
   965 | D:2      | Reached skill level 3 in Axes
   965 | D:2      | Reached XP level 3. HP: 23/23 MP: 3/3
   967 | D:2      | 967 ||| STAIRDANCE
   983 | D:2      | 983 ||| STAIRDANCE
   989 | D:1      | HP: 4/23 [gnoll/+0 flail (8)]
   990 | D:1      | 990 ||| READING scroll of teleportation.
   992 | D:1      | Slain by a gnoll

Levels and vault maps discovered:
D:1:      ncdulo_lavacross, layout_loops_ring
D:2:      layout_loops_ring, basic_altar, serial_forest,
          infiniplex_forest_clump_diagonal, infiniplex_forest_lined_corner,
          infiniplex_forest_clump_double, infiniplex_forest_clump_diagonal,
          infiniplex_forest_end_1, infiniplex_forest_straight_2,
          infiniplex_forest_clump_tiny, dilly_guarded_unrand_morg

Skill      XL: |  1  2 |
---------------+-------+-----
Axes           | 2 3 |  3.6
Fighting       | |  3.2
Armour         | |  3.2
Shields        | |  3.2

Action                     || total
---------------------------++-------
  Melee: War axe           ||    63
    Use: Scroll            ||     5
 Armour: Scale mail        ||    28
  Dodge: Dodged            ||    40
  Block: Buckler           ||    12

Table legend:
 A = Non-vault XP
 B = Vault XP
 C = Vault XP percentage of total XP
 D = Non-vault monster count
 E = Vault monster count
 F = Vault count percentage of total count
                 A         B        C        D         E       F
            +---------+---------+-------+---------+---------+-------
      Total |      70 |       0 |   0.0 |      17 |       0 |   0.0
            +---------+---------+-------+---------+---------+-------
        D:1 |      55 |       0 |   0.0 |      16 |       0 |   0.0
        D:2 |      15 |       0 |   0.0 |       1 |       0 |   0.0
            +---------+---------+-------+---------+---------+-------
